[Event "ICC tourney 2438 (75 10)"]
[Site "Internet Chess Club"]
[Date "2021.03.07"]
[Round "5"]
[White "FENG, YANZHE:yanzhe"]
[Black "WENG, NICHOLAS RUOGU:greenninja"]
[Result "1/2-1/2"]
[ICCResult "Game drawn by mutual agreement"]
[WhiteElo "1902"]
[BlackElo "2055"]
[Opening "Grünfeld: exchange variation"]
[ECO "D85"]
[NIC "GI.04"]
[Time "16:33:01"]
[PlyCount "76"]
[TimeControl "4500+10"]

1. d4 Nf6 2. c4 g6 3. Nc3 d5 4. cxd5 Nxd5 5. e4 Nxc3 6. bxc3 Bg7 7. Bb5+ c6
8. Ba4 O-O 9. Ne2 c5 10. Be3 Nc6 11. O-O Qc7 12. Bxc6 Qxc6 13. d5 Qc7 14.
Qc2 Rd8 15. Rad1 c4 16. Bd4 e6 17. Bxg7 Kxg7 18. Qa4 a6 19. dxe6 Bxe6 20.
Nd4 b5 21. Qc2 Qc5 22. Rd2 Rd6 23. Rfd1 Rad8 24. Kh1 a5 25. h3 b4 26. cxb4
Qxb4 27. Nxe6+ fxe6 28. Rxd6 Rxd6 29. Rxd6 Qxd6 30. Qxc4 Qd1+ 31. Kh2 Qd6+
32. g3 Qb6 33. Kg2 e5 34. Qc3 Qb5 35. Qc7+ Kg8 36. Qd8+ Kg7 37. Qe7+ Kg8
38. Qe6+ Kg7 { Game drawn by mutual agreement } 1/2-1/2

[Event "ICC tourney 2438 (75 10)"]
[Site "Internet Chess Club"]
[Date "2021.03.07"]
[Round "5"]
[White "YERRA, SAI SNEHA:saisneha"]
[Black "MIKOYAN, SUREN:mikoyansuren"]
[Result "1/2-1/2"]
[ICCResult "Game drawn by mutual agreement"]
[WhiteElo "1901"]
[BlackElo "2075"]
[Opening "QGD: Chigorin defense"]
[ECO "D07"]
[NIC "QP.08"]
[Time "16:33:04"]
[PlyCount "60"]
[TimeControl "4500+10"]

1. d4 d5 2. c4 Nc6 3. cxd5 Qxd5 4. Nf3 e5 5. Nc3 Bb4 6. dxe5 Bxc3+ 7. bxc3
Qxd1+ 8. Kxd1 Bg4 9. Bf4 Nge7 10. h3 O-O-O+ 11. Kc2 Bxf3 12. exf3 Ng6 13.
Bg3 Ngxe5 14. Bb5 Rd5 15. Bxc6 Nxc6 16. Rhe1 Rhd8 17. Re2 Na5 18. Rb1 Nc4
19. Rb4 Rd2+ 20. Rxd2 Nxd2 21. Be5 f6 22. Bd4 Nf1 23. Rb1 Nd2 24. Kxd2 c5
25. Ke3 cxd4+ 26. cxd4 Re8+ 27. Kd3 b6 28. Rc1+ Kd7 29. Rc2 Kd6 30. Rc3 Re7
{ Game drawn by mutual agreement } 1/2-1/2

[Event "ICC tourney 2438 (75 10)"]
[Site "Internet Chess Club"]
[Date "2021.03.07"]
[Round "5"]
[White "OPASKA, MICHAEL:mopaska1106"]
[Black "UAN-ZO-LI, SEAN A:BreadBasket"]
[Result "0-1"]
[ICCResult "White resigns"]
[WhiteElo "1945"]
[BlackElo "1900"]
[Opening "Queen's pawn game"]
[ECO "D02"]
[NIC "QP.08"]
[Time "16:33:11"]
[PlyCount "96"]
[TimeControl "4500+10"]

1. d4 d5 2. Nf3 e6 3. Bg5 Be7 4. Bxe7 Qxe7 5. c3 Nd7 6. Nbd2 Ngf6 7. e3 O-O
8. Bd3 b6 9. O-O c5 10. Ne5 a5 11. Qe2 Qd6 12. f4 c4 13. Bc2 b5 14. Qf3 Rd8
15. Qh3 Nf8 16. e4 Bb7 17. Nxf7 Kxf7 18. e5 Qe7 19. exf6 Qxf6 20. f5 e5 21.
dxe5 Qxe5 22. f6 gxf6 23. Rae1 Qg5 24. Nf3 Qg7 25. Bxh7 Nxh7 26. Qxh7 Qxh7
27. Ng5+ Kg6 28. Nxh7 Rd6 29. Rf3 d4 30. Rg3+ Kf7 31. Rf1 d3 32. Ng5+ Ke7
33. Re3+ Kd7 34. Nf3 Bxf3 35. Rexf3 Re8 36. Rd1 Re2 37. h4 Rxb2 38. h5 Re6
39. h6 Re8 40. h7 Rh8 41. Rxf6 Rxh7 42. Ra6 Re7 43. Rxa5 Ree2 44. a4 Rxg2+
45. Kf1 Rbf2+ 46. Ke1 Re2+ 47. Kf1 Ref2+ 48. Ke1 d2+ { White resigns } 0-1

[Event "ICC tourney 2438 (75 10)"]
[Site "Internet Chess Club"]
[Date "2021.03.07"]
[Round "5"]
[White "MYSORE, ABHINAV NAVEEN:Mapking1"]
[Black "Kodarapu, Ishaan:pika0008"]
[Result "1/2-1/2"]
[ICCResult "Game drawn by mutual agreement"]
[WhiteElo "1979"]
[BlackElo "1965"]
[Opening "Sicilian: Labourdonnais-Löwenthal variation"]
[ECO "B32"]
[NIC "SI.32"]
[Time "16:33:05"]
[PlyCount "57"]
[TimeControl "4500+10"]

1. e4 c5 2. Nf3 Nc6 3. d4 cxd4 4. Nxd4 e5 5. Nb3 Be7 6. Nc3 Nf6 7. Be3 O-O
8. f3 d6 9. Qd2 Be6 10. Nd5 Qd7 11. Nxe7+ Qxe7 12. Rd1 Rfd8 13. c4 h6 14.
Be2 Rac8 15. O-O b6 16. Nc1 Na5 17. b3 Nb7 18. Nd3 Nc5 19. Nb4 Rc7 20. Bxc5
bxc5 21. Nd5 Nxd5 22. cxd5 Bd7 23. a4 Rb7 24. Bc4 Rb4 25. Qc2 Rdb8 26. f4
g5 27. f5 f6 28. Rd3 h5 29. h4 { Game drawn by mutual agreement } 1/2-1/2

[Event "ICC tourney 2438 (75 10)"]
[Site "Internet Chess Club"]
[Date "2021.03.07"]
[Round "5"]
[White "GOKTEPE, DERIN:CoolKoiFish"]
[Black "GAO, MATTHEW IAN:xcelswimmer"]
[Result "0-1"]
[ICCResult "White resigns"]
[WhiteElo "1941"]
[BlackElo "1916"]
[Opening "QGA, Janowsky-Larsen variation"]
[ECO "D25"]
[NIC "QG.06"]
[Time "16:33:01"]
[PlyCount "110"]
[TimeControl "4500+10"]

1. d4 d5 2. c4 dxc4 3. Nf3 Nf6 4. e3 Bg4 5. Bxc4 e6 6. O-O a6 7. b3 Nc6 8.
Nbd2 Bd6 9. Bb2 O-O 10. a3 Nd5 11. Bd3 f5 12. Nc4 Qe8 13. Nce5 Bxe5 14.
dxe5 Rd8 15. Qe2 Qh5 16. Rfd1 f4 17. e4 Nde7 18. h3 Bxf3 19. Qxf3 Qxf3 20.
gxf3 Ng6 21. Bc4 Kf7 22. Rac1 Ncxe5 23. Be2 c6 24. a4 Rd7 25. Rxd7+ Nxd7
26. Rd1 Rd8 27. Bc4 Ke7 28. Ba3+ c5 29. Be2 Nge5 30. b4 cxb4 31. Bxb4+ Ke8
32. Rd6 Kf7 33. Ba3 Rc8 34. Kf1 Rc3 35. Bb2 Rc2 36. Bd4 Rc1+ 37. Kg2 Ke7
38. Bxe5 Nxe5 39. Rb6 Rc7 40. Bd1 Nd7 41. Rb4 Kd6 42. Bb3 Nc5 43. Ba2 Kc6
44. a5 b5 45. axb6 Rb7 46. Rc4 Rxb6 47. Rc2 e5 48. Bd5+ Kd6 49. Kf1 a5 50.
Ke2 a4 51. Rd2 Rb4 52. Bg8+ Rd4 53. Rxd4+ exd4 54. Bxh7 a3 55. Bg8 Ne6 {
White resigns } 0-1

[Event "ICC tourney 2438 (75 10)"]
[Site "Internet Chess Club"]
[Date "2021.03.07"]
[Round "5"]
[White "KONEZNY, STUART:ChessCatMN08"]
[Black "BERKLEY, DARRIN K:drberkley"]
[Result "1-0"]
[ICCResult "Black resigns"]
[WhiteElo "1954"]
[BlackElo "1931"]
[Opening "King's Indian: orthodox, Aronin-Taimanov, bayonet attack"]
[ECO "E97"]
[NIC "KI.05"]
[Time "16:33:30"]
[PlyCount "65"]
[TimeControl "4500+10"]

1. d4 Nf6 2. c4 g6 3. Nc3 Bg7 4. Nf3 d6 5. e4 O-O 6. Be2 e5 7. O-O Nc6 8.
d5 Ne7 9. b4 Nh5 10. Nd2 Nf4 11. c5 f5 12. f3 g5 13. Nc4 Neg6 14. Be3 Rf6
15. cxd6 cxd6 16. Nb5 Nxe2+ 17. Qxe2 Nf4 18. Qd2 Rg6 19. Rac1 g4 20. Bxf4
exf4 21. fxg4 fxe4 22. Qxf4 Bh6 23. Qf7+ Kh8 24. Rce1 Bxg4 25. Rxe4 Bh3 26.
Re2 Qg5 27. Nbxd6 Bf8 28. Qxb7 Bxd6 29. Nxd6 Qg4 30. Qxa8+ Rg8 31. Nf7+ Kg7
32. Qxg8+ Kxg8 33. Nh6+ { Black resigns } 1-0

[Event "ICC tourney 2438 (75 10)"]
[Site "Internet Chess Club"]
[Date "2021.03.07"]
[Round "5"]
[White "HO, COOPER:arsenicblast"]
[Black "CARTER, DAVID E:CARTERD253"]
[Result "1/2-1/2"]
[ICCResult "Game drawn by mutual agreement"]
[WhiteElo "1975"]
[BlackElo "2137"]
[Opening "Two knights defense (Modern bishop's opening)"]
[ECO "C55"]
[NIC "IG.01"]
[Time "16:33:03"]
[PlyCount "134"]
[TimeControl "4500+10"]

1. e4 e5 2. Nf3 Nc6 3. Bc4 Nf6 4. d3 Be7 5. O-O O-O 6. h3 d6 7. c3 Na5 8.
Bb5 c5 9. b4 cxb4 10. cxb4 Nc6 11. a3 a5 12. bxa5 Rxa5 13. Nc3 Nd4 14. Bc4
Nxf3+ 15. Qxf3 Be6 16. Nd5 Bxd5 17. exd5 b5 18. Bb3 Qa8 19. Bb2 Nd7 20.
Rae1 Bf6 21. Qf5 Qa7 22. Rc1 g6 23. Qg4 Nc5 24. Bc2 Na4 25. Bxa4 Rxa4 26.
Qf3 Bg7 27. Qe3 Qxe3 28. fxe3 e4 29. Bxg7 Kxg7 30. Rc3 exd3 31. Rxd3 b4 32.
axb4 Rxb4 33. Rc3 f5 34. Rc6 Rd8 35. Rc7+ Kf6 36. g4 h5 37. gxf5 gxf5 38.
Rc2 Rg8+ 39. Kh2 Ke5 40. Rcf2 Rg5 41. Rf4 Rb2+ 42. Kh1 Kxd5 43. Rxf5+ Rxf5
44. Rxf5+ Ke4 45. Rxh5 d5 46. Rg5 Re2 47. Kg1 Rxe3 48. Kf2 Rxh3 49. Ke2
Rh2+ 50. Kd1 d4 51. Rg8 Kd3 52. Rg3+ Kc4 53. Rg8 Kc3 54. Rd8 Kd3 55. Kc1
Rh1+ 56. Kb2 Rd1 57. Rd6 Ke2 58. Rh6 Rf1 59. Rh2+ Rf2 60. Rh1 d3 61. Kb3
Kd2 62. Rh8 Ke1 63. Kc3 d2 64. Rh1+ Ke2 65. Kc2 Rg2 66. Rd1 Ke3 67. Rh1 Ke2
{ Game drawn by mutual agreement } 1/2-1/2

[Event "ICC tourney 2438 (75 10)"]
[Site "Internet Chess Club"]
[Date "2021.03.07"]
[Round "5"]
[White "LIU, FELIX YIPENG:closedforce"]
[Black "HU, ALEXANDER C:ahu1015"]
[Result "0-1"]
[ICCResult "White resigns"]
[WhiteElo "1909"]
[BlackElo "2015"]
[Opening "Grünfeld: exchange variation"]
[ECO "D85"]
[NIC "GI.04"]
[Time "16:33:06"]
[PlyCount "142"]
[TimeControl "4500+10"]

1. d4 Nf6 2. c4 g6 3. Nc3 d5 4. cxd5 Nxd5 5. e4 Nxc3 6. bxc3 Bg7 7. Qa4+ c6
8. Nf3 O-O 9. Be3 Nd7 10. Bd3 b5 11. Qa3 Nb6 12. O-O Be6 13. Nd2 Qd6 14.
Qb2 a6 15. Be2 Na4 16. Qc2 c5 17. e5 Qc7 18. Rac1 Rac8 19. f4 cxd4 20. Bxd4
Bf5 21. Bd3 Bxd3 22. Qxd3 Nb6 23. Ne4 Rfd8 24. Qf3 Rf8 25. h3 Nc4 26. Nc5
Nd2 27. Qe2 Nxf1 28. Rxf1 e6 29. Nxa6 Qc4 30. Qxc4 Rxc4 31. Rb1 Ra8 32. Nc5
Rb8 33. a4 b4 34. Na6 Ra8 35. Rxb4 Rxb4 36. Nxb4 Rxa4 37. Nd3 Ra2 38. Nc5
Bf8 39. Ne4 Rc2 40. Kh2 Be7 41. Kg3 Kf8 42. Kf3 h5 43. g4 hxg4+ 44. hxg4
Ke8 45. Ng3 Kd7 46. f5 Kc6 47. fxe6 fxe6 48. Ne4 Kd5 49. Ke3 Rc1 50. Kf3
Rf1+ 51. Nf2 Bc5 52. Kg2 Ra1 53. Bxc5 Kxc5 54. Nd3+ Kd5 55. Nf4+ Kxe5 56.
Nxg6+ Kf6 57. Nf4 Ra4 58. Kf3 Ra3 59. Ne2 Ke5 60. Ke3 Ra4 61. Nd4 Kd5 62.
g5 e5 63. Nf5 Rf4 64. Ng3 Rg4 65. Nh5 Rxg5 66. Nf6+ Ke6 67. Ne4 Rh5 68. Nd2
Rh3+ 69. Nf3 Kf5 70. Ke2 Kf4 71. Nd2 Rxc3 { White resigns } 0-1

[Event "ICC tourney 2438 (75 10)"]
[Site "Internet Chess Club"]
[Date "2021.03.07"]
[Round "6"]
[White "UAN-ZO-LI, SEAN A:BreadBasket"]
[Black "TANG, AUSTIN:Mrpeetapizza"]
[Result "1/2-1/2"]
[ICCResult "Game drawn by mutual agreement"]
[WhiteElo "1900"]
[BlackElo "1874"]
[Opening "Grünfeld: modern exchange variation"]
[ECO "D85"]
[NIC "GI.04"]
[Time "20:01:41"]
[PlyCount "40"]
[TimeControl "4500+10"]

1. d4 Nf6 2. c4 g6 3. Nc3 d5 4. cxd5 Nxd5 5. e4 Nxc3 6. bxc3 Bg7 7. Nf3 c5
8. Be3 O-O 9. Be2 Nc6 10. O-O cxd4 11. cxd4 Bg4 12. e5 e6 13. h3 Bxf3 14.
Bxf3 Qe7 15. Qb3 Rac8 16. Rac1 Rfd8 17. Rfd1 Nxd4 18. Bxd4 Rxc1 19. Rxc1
Rxd4 20. Rc8+ Rd8 { Game drawn by mutual agreement } 1/2-1/2

[Event "ICC tourney 2438 (75 10)"]
[Site "Internet Chess Club"]
[Date "2021.03.07"]
[Round "6"]
[White "GAO, MATTHEW IAN:xcelswimmer"]
[Black "SRIPADA, HAVISH:brilliantnessme"]
[Result "0-1"]
[ICCResult "White resigns"]
[WhiteElo "1916"]
[BlackElo "2036"]
[Opening "QGD: exchange, positional line, 5...c6"]
[ECO "D35"]
[NIC "QO.16"]
[Time "20:01:44"]
[PlyCount "98"]
[TimeControl "4500+10"]

1. d4 d5 2. c4 e6 3. Nc3 Nf6 4. cxd5 exd5 5. Bg5 c6 6. e3 Be7 7. Bd3 Nbd7
8. Nf3 h6 9. Bh4 Nh5 10. Bxe7 Qxe7 11. O-O Nhf6 12. Qc2 O-O 13. Rab1 Re8
14. b4 b5 15. a4 a6 16. a5 Ne4 17. Nd2 Ndf6 18. Ncxe4 dxe4 19. Be2 Bd7 20.
Nb3 Qxb4 21. Nc5 Qxa5 22. Nxd7 Nxd7 23. Qxc6 Qd8 24. Ra1 Re6 25. Qc2 Qc8
26. Qxc8+ Rxc8 27. Bg4 Rd6 28. Bxd7 Rxd7 29. Rxa6 Rb7 30. Ra3 b4 31. Rb3
Rc3 32. Rfb1 Rxb3 33. Rxb3 Kf8 34. f3 f5 35. fxe4 fxe4 36. Kf2 Ke7 37. Ke2
Kd6 38. Kd2 Kd5 39. Rb1 Kc4 40. Kc2 Rf7 41. Rd1 b3+ 42. Kb1 Kc3 43. Rc1+
Kd3 44. Rd1+ Kc3 45. Rc1+ Kd3 46. Rd1+ Kxe3 47. d5 Kf2 48. d6 Rd7 49. Rd2+
Kf1 { White resigns } 0-1

[Event "ICC tourney 2438 (75 10)"]
[Site "Internet Chess Club"]
[Date "2021.03.07"]
[Round "6"]
[White "TURCOTTE,JONATHAN:JonnyTurgi"]
[Black "Kodarapu, Ishaan:pika0008"]
[Result "1-0"]
[ICCResult "Black resigns"]
[WhiteElo "2087"]
[BlackElo "1965"]
[Opening "QGD Slav: Wiesbaden variation"]
[ECO "D17"]
[NIC "SL.04"]
[Time "20:01:43"]
[PlyCount "75"]
[TimeControl "4500+10"]

1. d4 d5 2. c4 c6 3. Nf3 Nf6 4. Nc3 dxc4 5. a4 Bf5 6. Ne5 e6 7. f3 Bd6 8.
Nxc4 Bc7 9. Bg5 h6 10. Bh4 g5 11. Bg3 O-O 12. e4 Bh7 13. Be2 Nbd7 14. Qb3
b6 15. Rd1 Qb8 16. Kf2 Nh5 17. Bxc7 Qxc7 18. g3 Ng7 19. h4 f5 20. hxg5 hxg5
21. Kg2 Rf6 22. e5 Rff8 23. f4 g4 24. Nd6 Bg6 25. Rh6 Rf7 26. Rxg6 Kf8 27.
Rh1 Ke7 28. Rh7 Rg8 29. Rxe6+ Kd8 30. Nxf7+ Kc8 31. Nd6+ Kb8 32. Re7 Qd8
33. Rxd7 Qxd7 34. Qxg8+ Kc7 35. Rxg7 b5 36. Rxd7+ Kb6 37. b4 a5 38. Qb8+ {
Black resigns } 1-0

[Event "ICC tourney 2438 (75 10)"]
[Site "Internet Chess Club"]
[Date "2021.03.07"]
[Round "6"]
[White "MIKOYAN, SUREN:mikoyansuren"]
[Black "REDDY, SATVIK:chesslead"]
[Result "1/2-1/2"]
[ICCResult "Game drawn by mutual agreement"]
[WhiteElo "2075"]
[BlackElo "2119"]
[Opening "Torre attack (Tartakower variation)"]
[ECO "D03"]
[NIC "QP.08"]
[Time "20:02:30"]
[PlyCount "181"]
[TimeControl "4500+10"]

1. d4 d5 2. Nf3 Nf6 3. Bg5 e6 4. e3 Be7 5. Bd3 O-O 6. O-O Nbd7 7. Nbd2 c5
8. c4 b6 9. Rc1 Bb7 10. Qe2 Rc8 11. Rfd1 h6 12. Bh4 cxd4 13. Nxd4 Re8 14.
N4f3 dxc4 15. Nxc4 Bxf3 16. Qxf3 b5 17. Bxf6 Bxf6 18. Nd6 Rxc1 19. Rxc1 Ne5
20. Qd1 Rf8 21. Be2 b4 22. Ne4 Qxd1+ 23. Rxd1 Rc8 24. Nxf6+ gxf6 25. f4 Ng6
26. Rd2 Rc7 27. Kf2 f5 28. h3 Kg7 29. Bf3 Kf6 30. Bd1 a5 31. Rc2 Rxc2+ 32.
Bxc2 e5 33. g3 e4 34. Ke2 Ke6 35. Bb3+ Kf6 36. a3 Nf8 37. Bd5 Ke7 38. g4
Ne6 39. gxf5 Nc5 40. axb4 axb4 41. b3 Kf6 42. Kf2 Kxf5 43. Bxf7 Nb7 44. Kg3
Nd6 45. Bh5 Kf6 46. Bg4 Nb7 47. Bd1 Nd6 48. Bg4 Nb7 49. Kh4 Na5 50. Bd1 Nc6
51. Kg4 Ne7 52. Kg3 Nf5+ 53. Kf2 Ne7 54. Be2 Kf5 55. Bb5 Kf6 56. Ba6 Nf5
57. Be2 Ng7 58. h4 Kf5 59. Bb5 Kf6 60. Bd7 h5 61. Bc6 Kf5 62. Bb5 Kf6 63.
Kg2 Kf5 64. Kf2 Kf6 65. Bc6 Kf5 66. Ke1 Ne6 67. Be8 Ng7 68. Bd7+ Kf6 69.
Ke2 Ne6 70. Kf2 Kf5 71. Kg3 Kf6 72. f5 Nc5 73. Be6 Nd3 74. Kg2 Ke5 75. Bf7
Nc5 76. Bxh5 Nxb3 77. Bg6 Kf6 78. h5 Kg5 79. f6 Kxf6 80. Bxe4 Kg5 81. Bc2
Nc5 82. Kf2 b3 83. Bg6 b2 84. Ke2 Ne6 85. Kd2 Nf8 86. Kc2 Nxg6 87. hxg6
Kxg6 88. Kxb2 Kf5 89. Kc2 Ke4 90. Kd2 Ke5 91. Kd3 { Game drawn by mutual
agreement } 1/2-1/2

[Event "ICC tourney 2438 (75 10)"]
[Site "Internet Chess Club"]
[Date "2021.03.07"]
[Round "6"]
[White "GAW, CHLOE:HarleyQueen8"]
[Black "ZHANG, ALEX:yangjunboy7"]
[Result "1-0"]
[ICCResult "Black resigns"]
[WhiteElo "1866"]
[BlackElo "1967"]
[Opening "Nimzo-Indian: classical variation"]
[ECO "E32"]
[NIC "NI.24"]
[Time "20:01:45"]
[PlyCount "75"]
[TimeControl "4500+10"]

1. d4 Nf6 2. c4 e6 3. Nc3 Bb4 4. Qc2 Bxc3+ 5. Qxc3 b6 6. Bg5 Bb7 7. f3 d5
8. e3 Nbd7 9. cxd5 exd5 10. Bd3 O-O 11. Bh4 Rc8 12. Ne2 Qe7 13. Qd2 Rfe8
14. Bf2 c5 15. O-O Nf8 16. Rfe1 Ne6 17. Bc2 Ba6 18. Nc3 Red8 19. Rad1 h6
20. Bb3 Bb7 21. Qe2 a6 22. a4 c4 23. Ba2 Qb4 24. Bh4 g5 25. Bg3 b5 26. Qc2
Bc6 27. Be5 Nd7 28. axb5 axb5 29. Bb1 Nef8 30. Bg3 Qa5 31. Qd2 Qb6 32. Na2
Nb8 33. h4 Be8 34. hxg5 hxg5 35. e4 f6 36. e5 Bh5 37. Bf5 Ne6 38. exf6 {
Black resigns } 1-0

[Event "ICC tourney 2438 (75 10)"]
[Site "Internet Chess Club"]
[Date "2021.03.07"]
[Round "6"]
[White "RAJANISH, ADHVAITH:Adhvaith0406"]
[Black "MYSORE, ABHINAV NAVEEN:Mapking1"]
[Result "1/2-1/2"]
[ICCResult "Game drawn by mutual agreement"]
[WhiteElo "2036"]
[BlackElo "1979"]
[Opening "Sicilian: dragon, Levenfish variation"]
[ECO "B71"]
[NIC "SI.15"]
[Time "20:02:01"]
[PlyCount "60"]
[TimeControl "4500+10"]

1. e4 c5 2. Nf3 d6 3. d4 cxd4 4. Nxd4 Nf6 5. Nc3 g6 6. f4 Bg7 7. e5 Nh5 8.
Bb5+ Bd7 9. e6 Bxb5 10. exf7+ Kxf7 11. Ndxb5 Nc6 12. Be3 a6 13. Nd4 Nf6 14.
Qd3 e6 15. O-O-O d5 16. Rhe1 Re8 17. Bg1 Nxd4 18. Bxd4 b5 19. a3 Qa5 20.
Qd2 Rab8 21. Na2 Qc7 22. Be5 Qc4 23. b3 Qc5 24. Qb4 Rbc8 25. Qxc5 Rxc5 26.
Nb4 a5 27. Nd3 Rcc8 28. Bxf6 Bxf6 29. Ne5+ Bxe5 30. Rxe5 h5 { Game drawn by
mutual agreement } 1/2-1/2

[Event "ICC tourney 2438 (75 10)"]
[Site "Internet Chess Club"]
[Date "2021.03.07"]
[Round "6"]
[White "JORAJURIA MENDOZA, ALGOL:AJM04"]
[Black "OPASKA, MICHAEL:mopaska1106"]
[Result "1-0"]
[ICCResult "Black resigns"]
[WhiteElo "2050"]
[BlackElo "1945"]
[Opening "Sicilian: closed, 2...Nc6"]
[ECO "B23"]
[NIC "SI.44"]
[Time "20:02:29"]
[PlyCount "101"]
[TimeControl "4500+10"]

1. e4 c5 2. Nc3 Nc6 3. Bb5 g6 4. Bxc6 bxc6 5. f4 Bg7 6. Nf3 Nf6 7. d3 O-O
8. h3 Rb8 9. Rb1 d6 10. Be3 Qc7 11. O-O Nd7 12. Qe1 f5 13. Qh4 Nf6 14. Ng5
c4 15. e5 dxe5 16. fxe5 Qxe5 17. Bd4 Qa5 18. Rbe1 h6 19. Ne6 Bxe6 20. Rxe6
Rf7 21. Qg3 Qd8 22. Be5 Rxb2 23. Rxc6 Rb6 24. Rxc4 Nh5 25. Qe3 Re6 26. d4
f4 27. Qf2 Bxe5 28. dxe5 Rxe5 29. Qxa7 Ng3 30. Rfxf4 Rxf4 31. Rxf4 Re1+ 32.
Kf2 Qd2+ 33. Kxg3 Qxc3+ 34. Kh2 Qe5 35. Qd4 Qb8 36. Qc4+ Kh7 37. g3 Re5 38.
a4 g5 39. Rf7+ Kg6 40. Rf2 e6 41. Qd3+ Rf5 42. a5 Kf6 43. Rxf5+ exf5 44. a6
Qb6 45. Kg2 Qc6+ 46. Kf2 Qc5+ 47. Ke2 Qg1 48. Kd2 Qf2+ 49. Kc3 Qc5+ 50. Kb3
Qb6+ 51. Ka4 { Black resigns } 1-0

[Event "ICC tourney 2438 (75 10)"]
[Site "Internet Chess Club"]
[Date "2021.03.07"]
[Round "6"]
[White "WENG, NICHOLAS RUOGU:greenninja"]
[Black "YERRA, SAI SNEHA:saisneha"]
[Result "1-0"]
[ICCResult "Black forfeits on time"]
[WhiteElo "2055"]
[BlackElo "1901"]
[Opening "Ruy Lopez: closed, Flohr-Zaitsev system (Lenzerheide variation)"]
[ECO "C92"]
[NIC "RL.26"]
[Time "20:02:13"]
[PlyCount "87"]
[TimeControl "4500+10"]

1. e4 e5 2. Nf3 Nc6 3. Bb5 a6 4. Ba4 Nf6 5. O-O Be7 6. Re1 b5 7. Bb3 d6 8.
c3 O-O 9. h3 Bb7 10. d3 Na5 11. Bc2 Re8 12. Nbd2 Bf8 13. Nf1 g6 14. Ng3 c5
15. d4 Qc7 16. d5 Nc4 17. b3 Nb6 18. a4 c4 19. b4 Nbd7 20. Be3 Bg7 21. Ra3
Reb8 22. Qa1 Qd8 23. Qb2 Nf8 24. Rea1 N6d7 25. R1a2 Kh8 26. Qa1 Kg8 27.
axb5 axb5 28. Ba7 Rc8 29. Ra5 f5 30. Rxb5 fxe4 31. Nxe4 Qc7 32. Raa5 Nf6
33. Nxf6+ Bxf6 34. Bb6 Rxa5 35. bxa5 Qd7 36. Qa4 Ba6 37. Rb1 e4 38. Nd4
Bxd4 39. Bxd4 Qxa4 40. Bxa4 Rc7 41. Rb6 Bb7 42. Rxd6 Kf7 43. a6 Ba8 44. Rd8
{ Black forfeits on time } 1-0

[Event "ICC tourney 2438 (75 10)"]
[Site "Internet Chess Club"]
[Date "2021.03.07"]
[Round "6"]
[White "Heidari, Ako:Ako-Ako"]
[Black "GOKTEPE, DERIN:CoolKoiFish"]
[Result "0-1"]
[ICCResult "White resigns"]
[WhiteElo "1920"]
[BlackElo "1941"]
[Opening "Ruy Lopez: 5.O-O"]
[ECO "C78"]
[NIC "RL.12"]
[Time "20:04:18"]
[PlyCount "128"]
[TimeControl "4500+10"]

1. e4 e5 2. Nf3 Nc6 3. Bb5 a6 4. Ba4 Nf6 5. O-O b5 6. Bb3 Bc5 7. c3 d6 8.
d4 Bb6 9. a4 Rb8 10. axb5 axb5 11. h3 b4 12. Re1 h6 13. dxe5 Nxe5 14. Nxe5
dxe5 15. Qxd8+ Kxd8 16. Bxf7 Rf8 17. Bg6 Be6 18. Be3 Ke7 19. Nd2 bxc3 20.
bxc3 Bxe3 21. Rxe3 Nd7 22. Bh5 Rb2 23. Rd1 Rc2 24. Bf3 Ra8 25. Nf1 Ra3 26.
c4 Raa2 27. Ng3 g6 28. Re2 Bxc4 29. Rxc2 Rxc2 30. Nf1 Bxf1 31. Kxf1 c6 32.
g3 Nc5 33. Kg2 Ne6 34. Ra1 Nd4 35. Ra7+ Kf6 36. Bd1 Rd2 37. Bg4 c5 38. Ra6+
Kg7 39. Ra7+ Kf6 40. Ra6+ Ke7 41. Rxg6 c4 42. Rg7+ Kd6 43. Rd7+ Kc6 44. Rd8
Kb5 45. Rd5+ Kb4 46. Rd8 c3 47. Rb8+ Nb5 48. Rc8 c2 49. Be6 Nd4 50. Bg4 Rd3
51. Be2 Rc3 52. Rb8+ Ka5 53. Ra8+ Kb6 54. Ra6+ Kb7 55. Ra1 Nxe2 56. f4 exf4
57. gxf4 Nxf4+ 58. Kf2 Nxh3+ 59. Ke2 c1=Q 60. Rxc1 Rxc1 61. e5 Rc3 62. e6
Nf4+ 63. Kd2 Rc7 64. Ke3 Nxe6 { White resigns } 0-1

[Event "ICC tourney 2438 (75 10)"]
[Site "Internet Chess Club"]
[Date "2021.03.07"]
[Round "6"]
[White "ZENG, ELBERT:investigator"]
[Black "DENG, HENRY:SuperPuzzler"]
[Result "1/2-1/2"]
[ICCResult "Game drawn by mutual agreement"]
[WhiteElo "2084"]
[BlackElo "2049"]
[Opening "King's Indian: fianchetto, Yugoslav, 7.O-O"]
[ECO "E65"]
[NIC "KI.68"]
[Time "20:01:42"]
[PlyCount "102"]
[TimeControl "4500+10"]

1. Nf3 Nf6 2. c4 g6 3. g3 Bg7 4. Bg2 O-O 5. O-O d6 6. Nc3 c5 7. d4 Nc6 8.
dxc5 dxc5 9. Be3 Be6 10. Bxc5 Bxc4 11. Qa4 Be6 12. Rfd1 Qc8 13. Ng5 Bd7 14.
Rac1 h6 15. Nge4 Nxe4 16. Qxe4 Bf5 17. Qa4 Rd8 18. Nd5 Rd7 19. Bxe7 Qe8 20.
Nf6+ Bxf6 21. Bxf6 Rxd1+ 22. Rxd1 Qxe2 23. Rf1 Rc8 24. Bc3 Qe7 25. Re1 Qc5
26. Qh4 Kh7 27. Qf6 Qf8 28. Bd5 Be6 29. Bxe6 fxe6 30. Qxe6 Rc7 31. Bf6 Rf7
32. Bc3 Rxf2 33. Rd1 Rf7 34. Rd7 Rxd7 35. Qxd7+ Qe7 36. Qd3 Ne5 37. Qe4 Nc6
38. Qf4 b5 39. Qf3 Nd8 40. Qd5 a6 41. Kf2 Ne6 42. Qe5 Qf7+ 43. Ke3 g5 44.
Ke4 Kg6 45. b4 g4 46. Kd5 Nd8+ 47. Kd6 Nb7+ 48. Kc6 Nd8+ 49. Kb6 Qb7+ 50.
Kc5 Qa7+ 51. Kd5 Qb7+ { Game drawn by mutual agreement } 1/2-1/2

[Event "ICC tourney 2438 (75 10)"]
[Site "Internet Chess Club"]
[Date "2021.03.07"]
[Round "6"]
[White "HU, ALEXANDER C:ahu1015"]
[Black "ZHANG, ROGER:RogerZ"]
[Result "1-0"]
[ICCResult "Black resigns"]
[WhiteElo "2015"]
[BlackElo "1957"]
[Opening "Ruy Lopez: Anderssen variation"]
[ECO "C77"]
[NIC "RL.12"]
[Time "20:01:54"]
[PlyCount "99"]
[TimeControl "4500+10"]

1. e4 e5 2. Nf3 Nc6 3. Bb5 a6 4. Ba4 Nf6 5. d3 b5 6. Bb3 Bc5 7. Nc3 d6 8.
Nd5 h6 9. c3 Ba7 10. h3 O-O 11. O-O Rb8 12. Re1 Nxd5 13. Bxd5 Ne7 14. Bb3
Ng6 15. d4 c5 16. Be3 Qf6 17. Bd5 Nf4 18. Bxf4 Qxf4 19. dxe5 dxe5 20. Qd2
Qf6 21. Qe3 Bb6 22. Nd2 Kh8 23. c4 Bb7 24. a4 Rfd8 25. Red1 Bc6 26. a5 Ba7
27. Ra3 Rb7 28. Qg3 Bxd5 29. exd5 Rbd7 30. Rf3 Qe7 31. b3 e4 32. Re3 f5 33.
Qg6 Qe5 34. Qxa6 Bb8 35. g3 f4 36. Rxe4 Qh5 37. Rde1 fxg3 38. fxg3 Bxg3 39.
R1e2 Rd6 40. Qxb5 Rg6 41. Rg4 Rf8 42. Re8 Rxg4 43. Rxf8+ Kh7 44. hxg4 Qxg4
45. Rh8+ Kxh8 46. Qe8+ Kh7 47. Qe4+ Qg6 48. Kf1 Bc7 49. a6 Bb6 50. d6 {
Black resigns } 1-0